 Dungeon Crawl Stone Soup version 0.18.1-50-g88ac8fd (webtiles) character file.

39 lorenzova the Poker (level 3, -4/29 HPs)
             Began as a Merfolk Skald on Oct 18, 2016.
             Killed from afar by Sigmund (6 damage)
             ... with a magic dart
             ... on level 1 of the Dungeon.
             The game lasted 00:01:44 (1266 turns).

lorenzova the Poker (Merfolk Skald)                 Turns: 1266, Time: 00:01:45

Health: -4/29      AC:  3    Str: 13    XL:     3   Next: 45%
Magic:  5/6        EV: 12    Int: 11    God:
Gold:   46         SH:  0    Dex: 13    Spells: 2 memorised, 3 levels left

rFire  . . .     SeeInvis .     a - +0 spear
rCold  . . .     Gourm    .     b - +0 leather armour
rNeg   . . .     Faith    .     (no shield)
rPois  .         Spirit   .     (no helmet)
rElec  .         Dismiss  .     (no cloak)
rCorr  .         Reflect  .     (no gloves)
SustAt .         Harm     .     (no boots)
MR     +....                    (no amulet)
Stlth  +.........               (no ring)
                                l - ring of protection from magic

@: infused, somewhat resistant to hostile enchantments, very unstealthy
A: change form in water, swift swim
a: no special abilities


You were on level 1 of the Dungeon.
You were not hungry.

You visited 1 branch of the dungeon, and saw 2 of its levels.

You collected 46 gold pieces.

Inventory:

Hand Weapons
 a - a +0 spear (weapon)
Armour
 b - a +0 leather armour (worn)
Jewellery
 l - a ring of protection from magic (left hand)
Scrolls
 e - 2 scrolls of identify
 f - a scroll of random uselessness {unknown}
 g - a scroll of remove curse {unknown}
 h - a scroll of fog {unknown}
Potions
 i - a potion of agility {unknown}
 j - 2 potions of curing {unknown}
 k - a potion of degeneration {unknown}
Books
 c - a book of Battle

   Spells                             Type                      Level
   a - Infusion                       Charms                       1
   b - Shroud of Golubria             Charms/Translocation         2
   c - Song of Slaying                Charms                       2
   d - Spectral Weapon                Hexes/Charms                 3
   e - Regeneration                   Charms/Necromancy            3
Comestibles
 d - a bread ration
 m - 2 chunks of flesh


   Skills:
 + Level 3.1 Fighting
 + Level 4.0 Polearms
 - Level 0.6 Armour
 + Level 2.2 Dodging
 - Level 2.0 Spellcasting
 - Level 3.2 Charms


You had 3 spell levels left.
You knew the following spells:

 Your Spells              Type           Power        Failure   Level  Hunger
a - Infusion              Chrm           #...         12%         1    ##.....
b - Song of Slaying       Chrm           #.......     17%         2    ###....


Dungeon Overview and Level Annotations

Branches:
Dungeon (2/15)

Altars:

Annotations:
D:1 Sigmund


Message History

You closely miss the rat. The rat barely misses you.
You completely miss the rat. The rat bites you but does no damage.
You hit the rat.
The rat is heavily wounded.
Sigmund closely misses you.
You hit the rat.
You kill the rat!
Sigmund points at you and mumbles some strange words.
The puff of flame hits you!
* * * LOW HITPOINT WARNING * * *
Casting: Infusion
Confirm with . or Enter, or press ? or * to list all spells.
You begin infusing your attacks with magical energy.
Sigmund casts a spell.
Sigmund flickers and vanishes!
Deactivating autopickup; reactivate with Ctrl-A.
You hear some strange, mumbled words.
A magic dart appears from out of thin air!
The magic dart hits you!
You die...

# #....#.# #..).#####.#
#############....#.###..)...(.#.#
..>..............'...'........#.#
.................#.###....#.....#
....#########....#.# #...#>#....#
..........# #....#.# #....#.....#
##.######.# #....#.# #......)....
#....# #.####.#.#@# #..........#
#....# #....#.#@#.# #######...).
##....######.#.#{#.#########.....
......+..........................
......####.####.................รท
.......(................###......
...#######.####...........#......
...# #.#..+......[...##...... ####
#.#.##......###.#####'##
###'#.#.....### #.# #.#


There were no monsters in sight!

Vanquished Creatures
  A worm (D:1)
  A dart slug (D:1)
  2 giant geckos (D:1)
  2 bats (D:1)
  2 giant cockroaches (D:1)
  3 goblins (D:1)
  6 hobgoblins (D:1)
  3 jackals (D:1)
  A kobold (D:1)
  3 giant newts (D:1)
  4 rats (D:1)
28 creatures vanquished.

Notes
Turn   | Place    | Note
--------------------------------------------------------------
     0 | D:1      | lorenzova the Merfolk Skald began the quest for the Orb.
     0 | D:1      | Reached XP level 1. HP: 16/16 MP: 3/3
   135 | D:1      | Reached XP level 2. HP: 19/23 MP: 5/5
   369 | D:1      | Learned a level 2 spell: Song of Slaying
   723 | D:1      | Reached skill level 4 in Polearms
   819 | D:1      | Reached XP level 3. HP: 25/28 MP: 6/6
  1239 | D:2      | Noticed Sigmund
  1266 | D:1      | Killed from afar by Sigmund

Skill      XL: |  1  2  3 |
---------------+----------+-----
Polearms       | 4 |  4.0
Fighting       | 3 |  3.1
Dodging        | 2 |  2.2
Armour         | |  0.6
Spellcasting   | |  2.0
Charms         | |  3.2

Action                   || total
-------------------------++-------
Melee: Spear             ||   129
 Cast: Infusion          ||     2
  Use: Scroll            ||     1
 Stab: Sleeping          ||     1
  Eat: Chunk             ||     1
Armor: Leather armour    ||    15
Dodge: Dodged            ||    54
